[Event "98th Caplin Hastings Masters 2024-25"]
[Site "Hastings"]
[Date "2025.01.02"]
[Round "8.27"]
[White "Struck, Lasse"]
[Black "Brewer, Callum D"]
[Result "1-0"]
[ECO "E04"]
[WhiteElo "1983"]
[BlackElo "2151"]
[Annotator "RC"]
[PlyCount "129"]
[EventDate "2024.12.23"]
[EventType "swiss"]
[EventCountry "ENG"]
[SourceTitle "playchess.com"]
[Source "ChessBase"]
[SourceQuality "1"]
[TimeControl "5400+30"]

1. d4 Nf6 2. c4 e6 3. g3 d5 4. Bg2 dxc4 5. Nf3 Nc6 6. Qa4 Bb4+ 7. Bd2 Nd5 8. Bxb4 Ndxb4 9. O-O Rb8 10. Na3 O-O 11. Qb5 b6 12. Qxc4 Ba6 13. Nb5 Qd5 14. Qxd5 Nxd5 15. a4 Na5 16. Ne5 Rfd8 17. Nxa7 Nb4 18. Nb5 c6 19. Na7 Bb7 20. Rac1 Rd6 21. e3 Ra8 22. Nc4 Nxc4 23. Rxc4 Nd5 24. e4 Ba6 25. Rxc6 Rxc6 26. Nxc6 Bxf1 27. Kxf1 Nf6 28. e5 Nd5 29. Ne7+ Kf8 30. Nxd5 exd5 31. b3 Ra5 32. Ke2 b5 33. axb5 Rxb5 34. Kd2 Rxb3 35. Bxd5 Rb2+ 36. Ke3 f6 37. Be4 fxe5 38. dxe5 h6 39. h4 Rb3+ 40. Kf4 Rb4 41. h5 Ke7 42. Kf5 Rb6 43. f4 Ra6 44. g4 Rb6 45. g5 Ra6 46. Bd5 Ra5 47. Bc4 Ra4 48. Be2 Ra2 49. gxh6 gxh6 50. Bd3 Ra3 51. Bc4 Ra4 52. Bd5 Ra5 53. Ke4 Ra4+ 54. Ke3 Ra3+ 55. Kd4 Ra1 56. f5 Rf1 57. Be4 Rf2 58. Ke3 Rh2 59. f6+ Kf8 60. e6 Rh3+ 61. Bf3 Ke8 62. Kf4 Rh4+ 63. Ke5 Rc4 64. Kd6 Rd4+ 65. Bd5 1-0

[Event "98th Caplin Hastings Masters 2024-25"]
[Site "Hastings"]
[Date "2025.01.02"]
[Round "8.28"]
[White "Brown, Tom"]
[Black "Sciupokas, Arunas"]
[Result "1-0"]
[ECO "D07"]
[WhiteElo "1932"]
[BlackElo "1969"]
[Annotator "NA RC"]
[PlyCount "51"]
[EventDate "2024.12.23"]
[EventType "swiss"]
[EventCountry "ENG"]
[SourceTitle "playchess.com"]
[Source "ChessBase"]
[SourceQuality "1"]
[TimeControl "5400+30"]

1. d4 d5 2. Nf3 Nc6 3. c4 Bg4 4. Nbd2 dxc4 5. e3 e6 6. Bxc4 Bd6 7. Qa4 Nge7 8. a3 O-O 9. h3 Bxf3 10. Nxf3 Ng6 11. h4 Nge7 12. Qc2 Qd7 13. Ng5 g6 14. h5 h6 15. hxg6 Nxg6 16. Bxe6 fxe6 17. Qxg6+ Qg7 18. Qxg7+ Kxg7 19. Nxe6+ Kg6 20. Nxf8+ Rxf8 21. Bd2 Re8 22. O-O-O Bf8 23. Rhe1 Rd8 24. Bc3 Bd6 25. g3 Rf8 26. f4 1-0

[Event "98th Caplin Hastings Masters 2024-25"]
[Site "Hastings"]
[Date "2025.01.02"]
[Round "8.29"]
[White "Kim, Taewoo A"]
[Black "Patel, Zain"]
[Result "0-1"]
[ECO "D40"]
[WhiteElo "1863"]
[BlackElo "2099"]
[Annotator "NA RC"]
[PlyCount "52"]
[EventDate "2024.12.23"]
[EventType "swiss"]
[EventCountry "ENG"]
[SourceTitle "playchess.com"]
[Source "ChessBase"]
[SourceQuality "1"]
[TimeControl "5400+30"]

1. d4 Nf6 2. c4 e6 3. Nf3 d5 4. Nc3 c5 5. e3 Nc6 6. a3 Ne4 7. Bd3 Nxc3 8. bxc3 dxc4 9. Bxc4 Be7 10. O-O O-O 11. Qe2 Qc7 12. Bb2 Bd7 13. Ba2 Rfd8 14. Rac1 Rac8 15. h4 cxd4 16. cxd4 Qa5 17. Bb1 Qh5 18. Qd3 Na5 19. Rxc8 Rxc8 20. Ne5 Be8 21. g4 Qxh4 22. Kg2 Nc6 23. f3 Nxe5 24. dxe5 Bc6 25. e4 Rd8 26. Qe2 Bb5 0-1

[Event "98th Caplin Hastings Masters 2024-25"]
[Site "Hastings"]
[Date "2025.01.02"]
[Round "8.30"]
[White "Verbin, Valentina"]
[Black "Dewangan, Aayush"]
[Result "1/2-1/2"]
[ECO "B90"]
[WhiteElo "2093"]
[BlackElo "1878"]
[Annotator "NA RC"]
[PlyCount "100"]
[EventDate "2024.12.23"]
[EventType "swiss"]
[EventCountry "ENG"]
[SourceTitle "playchess.com"]
[Source "ChessBase"]
[SourceQuality "1"]
[TimeControl "5400+30"]

1. e4 c5 2. Nf3 d6 3. d4 cxd4 4. Nxd4 Nf6 5. Nc3 a6 6. Bd3 e5 7. Nde2 Be6 8. O-O Be7 9. f4 b5 10. f5 Qb6+ 11. Kh1 Bc4 12. Bxc4 bxc4 13. Bg5 Nbd7 14. Nd5 Nxd5 15. Qxd5 Rc8 16. Bxe7 Kxe7 17. Nc3 Nf6 18. Qd2 h6 19. Rab1 Qc6 20. Qf2 Rhe8 21. Qh4 Kf8 22. Nd5 Nxd5 23. exd5 Qxd5 24. Rbd1 Qc6 25. f6 Re6 26. Rf3 e4 27. fxg7+ Kxg7 28. Rg3+ Kh7 29. Rf1 Qb7 30. Qg4 Rg6 31. Qf5 Rc5 32. Qxf7+ Qxf7 33. Rxf7+ Kg8 34. Rxg6+ Kxf7 35. Rxd6 Ra5 36. Kg1 Rxa2 37. Rb6 e3 38. Kf1 c3 39. bxc3 Rxc2 40. Rxh6 Rf2+ 41. Kg1 Rc2 42. Kf1 Rf2+ 43. Ke1 Rxg2 44. h4 Rc2 45. Rxa6 Rxc3 46. Ke2 Rc4 47. h5 Rh4 48. h6 Kg8 49. Ra8+ Kh7 50. Kxe3 Rxh6 1/2-1/2

[Event "98th Caplin Hastings Masters 2024-25"]
[Site "Hastings"]
[Date "2025.01.02"]
[Round "8.31"]
[White "Kennedy, Craig"]
[Black "Abrahams, Daniel"]
[Result "1/2-1/2"]
[ECO "D03"]
[WhiteElo "1851"]
[BlackElo "2072"]
[Annotator "NA RC"]
[PlyCount "89"]
[EventDate "2024.12.23"]
[EventType "swiss"]
[EventCountry "ENG"]
[SourceTitle "playchess.com"]
[Source "ChessBase"]
[SourceQuality "1"]
[TimeControl "5400+30"]

1. d4 Nf6 2. Nf3 e6 3. Bg5 d5 4. Nbd2 c5 5. e3 Nc6 6. c3 h6 7. Bh4 cxd4 8. exd4 Be7 9. Bxf6 Bxf6 10. Bd3 Bd7 11. Qe2 Qc7 12. O-O O-O 13. Rfe1 Rae8 14. Ne5 Bxe5 15. dxe5 f6 16. Nf3 fxe5 17. Nxe5 Nxe5 18. Qxe5 Qb6 19. Re2 Bb5 20. Rd1 Qa6 21. Bxb5 Qxb5 22. Rde1 Rf6 23. Qd4 b6 24. Rd2 Rc8 25. Re3 Qc4 26. Qxc4 Rxc4 27. f3 Kf7 28. Kf2 g5 29. Ke2 g4 30. Rd4 gxf3+ 31. Rxf3 Rc6 32. Rxf6+ Kxf6 33. Rf4+ Kg5 34. Rf7 d4 35. cxd4 Rc2+ 36. Kf3 a5 37. b3 Rxa2 38. Rb7 Ra3 39. Rxb6 a4 40. Rxe6 Rxb3+ 41. Ke4 Rb2 42. Ra6 Rxg2 43. h4+ Kh5 44. Rxa4 Kxh4 45. Ke5 1/2-1/2

[Event "98th Caplin Hastings Masters 2024-25"]
[Site "Hastings"]
[Date "2025.01.02"]
[Round "8.32"]
[White "Burrows, Martin P"]
[Black "Jukes, Sam"]
[Result "0-1"]
[ECO "B31"]
[WhiteElo "2042"]
[BlackElo "1911"]
[Annotator "NA RC"]
[PlyCount "74"]
[EventDate "2024.12.23"]
[EventType "swiss"]
[EventCountry "ENG"]
[SourceTitle "playchess.com"]
[Source "ChessBase"]
[SourceQuality "1"]
[TimeControl "5400+30"]

1. e4 c5 2. Nf3 Nc6 3. Bb5 g6 4. Bxc6 dxc6 5. d3 Bg7 6. h3 e5 7. O-O Ne7 8. Be3 b6 9. Qd2 h6 10. Nc3 Be6 11. a4 a5 12. Nh2 f5 13. exf5 Nxf5 14. b3 Qd7 15. Ne4 g5 16. Rfe1 O-O 17. Nf1 Nh4 18. Bxg5 hxg5 19. Qxg5 Nf5 20. Ne3 Nd4 21. h4 Qd8 22. Qg3 Qe8 23. Ng5 Rf4 24. f3 Bf5 25. Qf2 Be6 26. Qg3 Qg6 27. Kf2 Bf6 28. Rh1 Ra7 29. c3 Nf5 30. Nxf5 Bxf5 31. Qh2 Bxd3 32. g3 Rf5 33. Rad1 Rd7 34. g4 Rf4 35. Ne6 Rxf3+ 36. Ke1 Qe4+ 37. Kd2 Qe3# 0-1

[Event "98th Caplin Hastings Masters 2024-25"]
[Site "Hastings"]
[Date "2025.01.02"]
[Round "8.33"]
[White "Keely, Leo A"]
[Black "Muir, Andrew J"]
[Result "0-1"]
[ECO "B65"]
[WhiteElo "1899"]
[BlackElo "2214"]
[Annotator "RC"]
[PlyCount "96"]
[EventDate "2024.12.23"]
[EventType "swiss"]
[EventCountry "ENG"]
[SourceTitle "playchess.com"]
[Source "ChessBase"]
[SourceQuality "1"]
[TimeControl "5400+30"]

1. e4 c5 2. Nf3 Nc6 3. d4 cxd4 4. Nxd4 Nf6 5. Nc3 d6 6. Bg5 e6 7. Qd2 Be7 8. O-O-O O-O 9. f4 Nxd4 10. Qxd4 Qa5 11. Kb1 Rd8 12. Be2 Bd7 13. Bf3 Bc6 14. Rhf1 Rd7 15. Qe3 h6 16. Bh4 Nxe4 17. Nxe4 Bxh4 18. Rxd6 Rxd6 19. Nxd6 Qc7 20. Ne4 Rd8 21. g4 Be7 22. Ng3 Bxf3 23. Qxf3 Rd2 24. Rc1 Rxh2 25. Ne4 Qc4 26. Qd3 Qxd3 27. cxd3 f5 28. gxf5 exf5 29. Rc8+ Kh7 30. Nc3 Bd6 31. Nd5 Rf2 32. Rd8 Bxf4 33. Rd7 Be5 34. Rxb7 h5 35. Rb4 a5 36. Rh4 Kh6 37. b4 g5 38. Rc4 axb4 39. d4 Bg3 40. Rc6+ Kg7 41. Nxb4 h4 42. Nd3 Rf1+ 43. Kc2 h3 44. Nc5 h2 45. Ne6+ Kf6 46. Ra6 h1=Q 47. Nf4+ Kf7 48. Ra7+ Ke8 0-1

[Event "98th Caplin Hastings Masters 2024-25"]
[Site "Hastings"]
[Date "2025.01.02"]
[Round "8.34"]
[White "Dette, Jan"]
[Black "Pick, Freddie"]
[Result "1-0"]
[ECO "B23"]
[WhiteElo "2102"]
[BlackElo "1874"]
[Annotator "NA RC"]
[PlyCount "75"]
[EventDate "2024.12.23"]
[EventType "swiss"]
[EventCountry "ENG"]
[SourceTitle "playchess.com"]
[Source "ChessBase"]
[SourceQuality "1"]
[TimeControl "5400+30"]

1. e4 c5 2. Nc3 Nc6 3. Bb5 Nd4 4. Bc4 e6 5. Nge2 a6 6. a4 Nf6 7. O-O d5 8. exd5 exd5 9. Ba2 Bd6 10. d3 O-O 11. Nxd4 cxd4 12. Ne2 Qb6 13. Bg5 Ng4 14. g3 h6 15. Bd2 Be6 16. a5 Qa7 17. h3 Nf6 18. Kg2 Rac8 19. Bb3 Nd7 20. f4 f5 21. Qe1 Rfe8 22. Qf2 Bc5 23. Ra4 b5 24. axb6 Bxb6 25. Bb4 Bc5 26. Rfa1 Rc6 27. Bxc5 Nxc5 28. Nxd4 Nxb3 29. Nxc6 Qxf2+ 30. Kxf2 Nxa1 31. Rxa1 Ra8 32. Ra5 Kf7 33. b3 Kf6 34. Nb4 Rb8 35. Nxd5+ Bxd5 36. Rxd5 Rc8 37. c4 Rc6 38. c5 1-0

[Event "98th Caplin Hastings Masters 2024-25"]
[Site "Hastings"]
[Date "2025.01.02"]
[Round "8.35"]
[White "Alcindor, Samuel"]
[Black "Bharat Kumar, Balahari"]
[Result "0-1"]
[ECO "A10"]
[WhiteElo "1927"]
[BlackElo "2063"]
[Annotator "NA RC"]
[PlyCount "140"]
[EventDate "2024.12.23"]
[EventType "swiss"]
[EventCountry "ENG"]
[SourceTitle "playchess.com"]
[Source "ChessBase"]
[SourceQuality "1"]
[TimeControl "5400+30"]

1. c4 b6 2. Nc3 Bb7 3. e4 e5 4. Nge2 Nc6 5. d3 g6 6. g3 Bg7 7. Bg2 Nge7 8. O-O O-O 9. f4 f5 10. fxe5 Nxe5 11. d4 Nxc4 12. Qb3 d5 13. Nxd5 Nxd5 14. Qxc4 fxe4 15. Rxf8+ Kxf8 16. Bxe4 Qd6 17. Bg5 Re8 18. Rf1+ Kg8 19. Nc3 c6 20. Bg2 Kh8 21. Rf7 Bc8 22. Ne4 Qe6 23. Rxa7 Qg4 24. Ra8 Qd1+ 25. Bf1 Bxd4+ 26. Kh1 Rf8 27. Rxc8 Rxc8 28. Nc3 Nxc3 29. bxc3 Rf8 30. Bf4 Qf3+ 31. Bg2 Qd1+ 32. Bf1 Qf3+ 33. Bg2 Qxc3 34. Qxc3 Bxc3 35. Bxc6 Bd4 36. a4 Kg7 37. Kg2 Rc8 38. Bb5 Rc2+ 39. Kh3 Kf6 40. g4 g5 41. Bg3 h6 42. Bd7 Be5 43. Bf5 Rc3 44. Kg2 Bxg3 45. hxg3 Ra3 46. Bd7 Ke5 47. Kf2 Kd4 48. Bb5 Kc5 49. Ke2 Rxg3 50. Bd7 Ra3 51. Kd2 Kb4 52. Kc2 Rxa4 53. Kd3 Ra1 54. Ke4 Rf1 55. Ke5 Kc5 56. Bf5 b5 57. Kf6 b4 58. Kg6 Rh1 59. Be6 Kd4 60. Bf7 Kc3 61. Kg7 b3 62. Bh5 b2 63. Kxh6 b1=Q 64. Kxg5 Qe4 65. Bg6 Qe5+ 66. Bf5 Qe7+ 67. Kf4 Rf1+ 68. Kg3 Qe3+ 69. Kg2 Qf2+ 70. Kh3 Rh1# 0-1

[Event "98th Caplin Hastings Masters 2024-25"]
[Site "Hastings"]
[Date "2025.01.02"]
[Round "8.36"]
[White "Vaidyanathan, Adithya"]
[Black "Lishoy Gengis Paratazham, Dildarav"]
[Result "1-0"]
[ECO "A55"]
[WhiteElo "1904"]
[BlackElo "2037"]
[Annotator "NA RC"]
[PlyCount "119"]
[EventDate "2024.12.23"]
[EventType "swiss"]
[EventCountry "ENG"]
[SourceTitle "playchess.com"]
[Source "ChessBase"]
[SourceQuality "1"]
[TimeControl "5400+30"]

1. d4 d6 2. Nf3 Nf6 3. c4 Nbd7 4. Nc3 e5 5. e4 c6 6. Be3 Be7 7. Be2 a6 8. O-O O-O 9. h3 b5 10. a3 Bb7 11. Qc2 Rc8 12. Rfd1 Qc7 13. Rac1 Qb8 14. Qb1 Rfd8 15. b4 h6 16. dxe5 dxe5 17. c5 a5 18. Nh4 axb4 19. axb4 Nf8 20. Nf5 Qc7 21. Bxb5 Ng6 22. Bc4 Bf8 23. Qb3 Nh8 24. f3 Kh7 25. Bf2 Rd7 26. Rxd7 Qxd7 27. Rd1 Qc7 28. Nd6 Bxd6 29. cxd6 Qd7 30. Na4 Rb8 31. Ba7 Rd8 32. Bb6 Rb8 33. Nc5 Qe8 34. Bc7 Ra8 35. Nxb7 Qc8 36. Nc5 Nh5 37. Ba5 Nf4 38. d7 Qf8 39. d8=Q Rxd8 40. Bxd8 f5 41. exf5 Qxf5 42. Bd3 Nxd3 43. Qxd3 Qxd3 44. Rxd3 Nf7 45. Rd7 Nxd8 46. Rxd8 g5 47. Rc8 h5 48. Rxc6 g4 49. hxg4 hxg4 50. fxg4 e4 51. Nxe4 Kg7 52. b5 Kf7 53. b6 Ke7 54. b7 Kd7 55. Rc5 Ke6 56. b8=Q Kf7 57. Rc6 Ke7 58. Ng5 Kd7 59. Qc8+ Ke7 60. Re6# 1-0

[Event "98th Caplin Hastings Masters 2024-25"]
[Site "Hastings"]
[Date "2025.01.02"]
[Round "8.37"]
[White "White, Stuart A"]
[Black "Swiatkowski, Dominik"]
[Result "1/2-1/2"]
[ECO "D24"]
[WhiteElo "2017"]
[BlackElo "1744"]
[Annotator "NA RC"]
[PlyCount "56"]
[EventDate "2024.12.23"]
[EventType "swiss"]
[EventCountry "ENG"]
[SourceTitle "playchess.com"]
[Source "ChessBase"]
[SourceQuality "1"]
[TimeControl "5400+30"]

1. d4 Nf6 2. c4 e6 3. Nf3 d5 4. Nc3 dxc4 5. e4 b5 6. e5 Nd5 7. Nxb5 Nb6 8. Be2 Nc6 9. O-O Be7 10. a4 a6 11. Na3 Na5 12. Bd2 Nb3 13. Nxc4 Nxa1 14. Qxa1 Nxc4 15. Bxc4 Bb7 16. Qd1 c5 17. Be3 Rc8 18. Qe2 Bxf3 19. gxf3 cxd4 20. Rd1 Qc7 21. Rxd4 Bc5 22. Rg4 Bxe3 23. Qxe3 a5 24. Bb5+ Kf8 25. Rc4 Qd8 26. Rd4 Qc7 27. Rc4 Qd8 28. Rd4 Qc7 1/2-1/2

[Event "98th Caplin Hastings Masters 2024-25"]
[Site "Hastings"]
[Date "2025.01.02"]
[Round "8.38"]
[White "Suez-Panama, Gilles"]
[Black "Buckland, Louis"]
[Result "1/2-1/2"]
[ECO "A05"]
[WhiteElo "1979"]
[BlackElo "1856"]
[Annotator "NA RC"]
[PlyCount "46"]
[EventDate "2024.12.23"]
[EventType "swiss"]
[EventCountry "ENG"]
[SourceTitle "playchess.com"]
[Source "ChessBase"]
[SourceQuality "1"]
[TimeControl "5400+30"]

1. Nf3 d5 2. g3 Nf6 3. Bg2 e6 4. d3 Be7 5. Nbd2 b6 6. O-O Bb7 7. c3 O-O 8. Qc2 c5 9. e4 Nc6 10. e5 Nd7 11. Re1 Qc7 12. d4 cxd4 13. cxd4 Rfc8 14. Qc3 Nb4 15. Qxc7 Rxc7 16. Rd1 a5 17. a3 Nc2 18. Rb1 Ba6 19. Bf1 Bxf1 20. Nxf1 f6 21. exf6 Bxf6 22. Bf4 Rc6 23. h4 h6 1/2-1/2

[Event "98th Caplin Hastings Masters 2024-25"]
[Site "Hastings"]
[Date "2025.01.02"]
[Round "8.39"]
[White "Ashton, Alannah"]
[Black "Kim, Yegeon"]
[Result "0-1"]
[ECO "C96"]
[WhiteElo "1953"]
[BlackElo "1697"]
[Annotator "NA RC"]
[PlyCount "196"]
[EventDate "2024.12.23"]
[EventType "swiss"]
[EventCountry "ENG"]
[SourceTitle "playchess.com"]
[Source "ChessBase"]
[SourceQuality "1"]
[TimeControl "5400+30"]

1. e4 e5 2. Nf3 Nc6 3. Bb5 a6 4. Ba4 Nf6 5. O-O Be7 6. Re1 b5 7. Bb3 O-O 8. c3 d6 9. h3 Na5 10. Bc2 c5 11. d4 Nd7 12. Nbd2 exd4 13. cxd4 Nc6 14. d5 Nce5 15. Nxe5 Nxe5 16. f4 Ng6 17. Nf3 Bh4 18. Nxh4 Qxh4 19. Rf1 f5 20. exf5 Bxf5 21. Bxf5 Rxf5 22. Qe2 Kh8 23. Qe6 Rf6 24. Qg4 Qxg4 25. hxg4 Raf8 26. f5 Ne5 27. Bg5 R6f7 28. Rae1 h6 29. Bh4 Nxg4 30. Be7 Re8 31. f6 Nxf6 32. Bxd6 Rxe1 33. Rxe1 Nxd5 34. Bxc5 Rc7 35. Bd4 Rc2 36. g3 Rd2 37. Be5 Kg8 38. Rc1 Re2 39. Bd4 Re4 40. Bf2 Nb4 41. Rc8+ Kh7 42. a3 Nd3 43. Rc2 h5 44. Rd2 Ne5 45. Rd6 a5 46. Rd5 Nf3+ 47. Kg2 Re5 48. Rd7 Ne1+ 49. Bxe1 Rxe1 50. Kf2 Rb1 51. Rd2 Kh6 52. Kf3 g6 53. Re2 Rf1+ 54. Kg2 Rc1 55. Kf3 Rc5 56. Rd2 Kg5 57. Rd4 Kf5 58. Rd2 g5 59. Kg2 Re5 60. Rf2+ Kg4 61. Rd2 Re4 62. Kf2 Rc4 63. Kg2 b4 64. axb4 Rxb4 65. Rc2 Rd4 66. Re2 Rd3 67. Re4+ Kf5 68. Re2 Rd4 69. Rc2 Ke5 70. Rc5+ Rd5 71. Rc2 Kd4 72. Rd2+ Kc4 73. Rf2 Kb3 74. Kh3 Rc5 75. Re2 a4 76. Re4 Rc2 77. Re5 g4+ 78. Kh4 Rh2+ 79. Kg5 Kxb2 80. Rb5+ Ka2 81. Rb8 Rh3 82. Kf4 a3 83. Re8 Rh1 84. Kg5 Kb2 85. Rb8+ Ka1 86. Rb3 a2 87. Rb8 Rb1 88. Ra8 Kb2 89. Rb8+ Kc3 90. Rc8+ Kd4 91. Ra8 a1=Q 92. Rxa1 Rxa1 93. Kxh5 Ke5 94. Kxg4 Kf6 95. Kf4 Ra4+ 96. Kf3 Kg5 97. Kf2 Kg4 98. Kg2 Ra2+ 0-1

[Event "98th Caplin Hastings Masters 2024-25"]
[Site "Hastings"]
[Date "2025.01.02"]
[Round "8.40"]
[White "Lee, Jungsoo"]
[Black "Byron, Alan M"]
[Result "1-0"]
[ECO "B12"]
[WhiteElo "1705"]
[BlackElo "2069"]
[Annotator "NA RC"]
[PlyCount "109"]
[EventDate "2024.12.23"]
[EventType "swiss"]
[EventCountry "ENG"]
[SourceTitle "playchess.com"]
[Source "ChessBase"]
[SourceQuality "1"]
[TimeControl "5400+30"]

1. e4 c6 2. d4 d5 3. e5 Bf5 4. g4 Bd7 5. Nc3 e6 6. Be3 Qc7 7. Qd2 h5 8. g5 g6 9. O-O-O c5 10. dxc5 Bxc5 11. Bxc5 Qxc5 12. Nh3 a6 13. Nf4 Ne7 14. Bg2 Bc6 15. Ne4 Qb6 16. Nd6+ Kf8 17. Bh3 Bd7 18. Nd3 Nbc6 19. Qf4 Rh7 20. Qf6 Ng8 21. Qf3 Rg7 22. Qe2 Nb4 23. Nxb4 Qxb4 24. Qe3 Ne7 25. Rd4 Qb6 26. Qf4 Nc6 27. Rd3 Qc7 28. Rf3 Nd8 29. Rd1 Bc6 30. Qd4 Qe7 31. Rf6 Kg8 32. f4 b5 33. Qd3 Be8 34. Qe2 Nc6 35. Kb1 Rd8 36. c3 b4 37. cxb4 Nxb4 38. a3 Nc6 39. Qxa6 Rb8 40. Rc1 Bd7 41. Rxc6 Bxc6 42. Qxc6 Qa7 43. Qc3 Qf2 44. Rxf7 Rxf7 45. Bxe6 d4 46. Bxf7+ Kg7 47. Qc2 Qf1+ 48. Ka2 d3 49. Qc3 Qxf4 50. e6+ Kh7 51. Qxd3 Qxg5 52. Qxg6+ Qxg6 53. Bxg6+ Kxg6 54. e7 h4 55. e8=Q+ 1-0

[Event "98th Caplin Hastings Masters 2024-25"]
[Site "Hastings"]
[Date "2025.01.02"]
[Round "8.41"]
[White "Ghazarian, Kirk"]
[Black "Zhou, Yang-Fan"]
[Result "1-0"]
[ECO "A62"]
[WhiteElo "2501"]
[BlackElo "2424"]
[Annotator "TA"]
[PlyCount "95"]
[EventDate "2024.12.23"]
[EventType "swiss"]
[EventCountry "ENG"]
[SourceTitle "playchess.com"]
[Source "ChessBase"]
[SourceQuality "1"]
[TimeControl "5400+30"]

1. d4 Nf6 2. c4 g6 3. g3 Bg7 4. Bg2 O-O 5. Nf3 d6 6. Nc3 c5 7. d5 e6 8. O-O exd5 9. cxd5 a6 10. a4 Re8 11. Re1 Ne4 12. Nxe4 Rxe4 13. Qc2 Rb4 14. Ra2 b5 15. axb5 Rxb5 16. e4 Nd7 17. Bf4 Qe7 18. Bf1 Rb6 19. Bg5 Bf6 20. Bd2 Rab8 21. Bc3 Bxc3 22. bxc3 Nf6 23. Bc4 Ng4 24. Nd2 Qb7 $2 (24... g5 $1 $11 {and Black is okay.}) 25. Be2 $18 Nf6 (25... Rb2 26. Rxb2 Qxb2 27. Qxb2 Rxb2 28. Nc4) 26. Nc4 (26. Raa1 $18) 26... Rb1 $16 27. Rxb1 (27. Nxd6 $2 Rxe1+ 28. Kg2 Bh3+ 29. Kxh3 Qd7+ 30. Kg2 Qxd6 $19) 27... Qxb1+ 28. Qxb1 Rxb1+ 29. Kg2 Ne8 (29... Nxe4 $2 30. Bd3 Nxc3 31. Bxb1 $18) 30. Nd2 $36 {[%emt 0:02:49][%csl LRa6,LRb1][%mdl 2048] Prevents Rb3. White is really pushing.} Rc1 31. Bxa6 Bxa6 32. Rxa6 {[%emt 0:00:10] aiming for Ra8.} Rxc3 {[%emt 0:00:00][%mdl 4096] Endgame [#] KRN-KRN} (32... Kg7 $16) 33. Ra8 $1 $18 Kf8 {[%emt 0:00:00] [#]} 34. e5 $1 Rd3 $2 (34... dxe5 35. d6 Rd3) 35. Ne4 (35. exd6 $142 {White threatens d7 and mate.} Rxd5 (35... Rxd2 $2 36. d7 $18) 36. Ne4) 35... dxe5 36. d6 (36. Nxc5 Rxd5 37. Ne4 Rd7 $11) 36... f5 37. Nf6 ({Inferior is} 37. Nxc5 Rxd6 38. h3 h5 $11) 37... Rxd6 38. Nxe8 {[%emt 0:00:04] KRN-KR} Rd4 39. Nc7+ Kf7 40. Nb5 Rb4 41. Nc3 Rb3 42. Nd5 Ke6 43. Rd8 c4 44. Ne3 Rd3 $2 (44... c3 45. Rc8 Kd7) 45. Re8+ Kf6 46. Nxc4 e4 47. h4 f4 $2 (47... Rd7 {was necessary.} 48. Ra8 Kg7) 48. Rf8+ 1-0

[Event "98th Caplin Hastings Masters 2024-25"]
[Site "Hastings"]
[Date "2025.01.02"]
[Round "8.43"]
[White "Rastogi, Nayan Keats"]
[Black "Zhang, Kendrick Botong"]
[Result "1/2-1/2"]
[ECO "B22"]
[WhiteElo "1892"]
[BlackElo "1979"]
[Annotator "NA RC"]
[PlyCount "53"]
[EventDate "2024.12.23"]
[EventType "swiss"]
[EventCountry "ENG"]
[SourceTitle "playchess.com"]
[Source "ChessBase"]
[SourceQuality "1"]
[TimeControl "5400+30"]

1. e4 c5 2. c3 Nf6 3. e5 Nd5 4. d4 cxd4 5. Nf3 e6 6. cxd4 b6 7. Bc4 Ba6 8. Bxa6 Bb4+ 9. Bd2 Nxa6 10. O-O O-O 11. Qa4 Bxd2 12. Nbxd2 Nac7 13. Ne4 f5 14. Nd6 Ne8 15. Rac1 a6 16. Nxe8 Rxe8 17. Qa3 Qb8 18. Qd6 Qb7 19. Rc2 Rac8 20. Rfc1 Rxc2 21. Rxc2 Rc8 22. Rxc8+ Qxc8 23. g3 Kf7 24. h4 h6 25. h5 Qc7 26. Qxc7 Nxc7 27. Kf1 1/2-1/2

[Event "98th Caplin Hastings Masters 2024-25"]
[Site "Hastings"]
[Date "2025.01.02"]
[Round "8.44"]
[White "Raffin-Sumyk, Piermael"]
[Black "Hu, Junyan"]
[Result "0-1"]
[ECO "B22"]
[WhiteElo "1512"]
[BlackElo "1933"]
[Annotator "NA RC"]
[PlyCount "118"]
[EventDate "2024.12.23"]
[EventType "swiss"]
[EventCountry "ENG"]
[SourceTitle "playchess.com"]
[Source "ChessBase"]
[SourceQuality "1"]
[TimeControl "5400+30"]

1. e4 c5 2. Nf3 e6 3. c3 d5 4. exd5 Qxd5 5. d4 Nf6 6. Na3 Nc6 7. Be3 cxd4 8. Nb5 Qd7 9. Nbxd4 Be7 10. Nxc6 Qxc6 11. Ne5 Qe4 12. Bb5+ Kf8 13. Nf3 Nd5 14. Qd4 Qxd4 15. Bxd4 a6 16. Bc4 Nf4 17. O-O-O b5 18. Bd3 Bb7 19. Rhg1 Rd8 20. Bc2 Ne2+ 21. Kb1 Nxg1 22. Rxg1 f6 23. Bb3 Bd5 24. Bc2 e5 25. Bb6 Rd6 26. Ba5 Kf7 27. Nh4 g6 28. Rd1 Be6 29. Rf1 f5 30. Nf3 Bf6 31. Bc7 Bc4 32. Re1 Re6 33. Nd2 Bd5 34. Rd1 Rc6 35. Ba5 Bd8 36. Nf3 Bxf3 37. Bb3+ Ke7 38. Bb4+ Kf6 39. gxf3 Be7 40. Ba5 Rd6 41. Bd5 Bd8 42. Bb4 Rd7 43. c4 bxc4 44. f4 Bc7 45. Kc2 Rhd8 46. Bf3 Rxd1 47. Bxd1 exf4 48. f3 Be5 49. Be2 Rb8 50. Bc3 Bxc3 51. Kxc3 h5 52. h4 g5 53. Bxc4 Rc8 54. Kd3 Rxc4 55. Kxc4 gxh4 56. a4 h3 57. b4 h2 58. b5 axb5+ 59. axb5 h1=Q 0-1

[Event "98th Caplin Hastings Masters 2024-25"]
[Site "Hastings"]
[Date "2025.01.02"]
[Round "8.45"]
[White "Ruane, Brendan J"]
[Black "Wilson, Matthew R"]
[Result "1-0"]
[ECO "A00"]
[WhiteElo "1869"]
[BlackElo "1766"]
[Annotator "NA RC"]
[PlyCount "95"]
[EventDate "2024.12.23"]
[EventType "swiss"]
[EventCountry "ENG"]
[SourceTitle "playchess.com"]
[Source "ChessBase"]
[SourceQuality "1"]
[TimeControl "5400+30"]

1. Nc3 d5 2. e4 d4 3. Nce2 e5 4. Ng3 Be6 5. Nf3 f6 6. Be2 Nc6 7. Nh4 Qd7 8. h3 O-O-O 9. Bg4 d3 10. Bxe6 Qxe6 11. cxd3 Bc5 12. O-O Nb4 13. a3 Nxd3 14. b4 Bd4 15. Rb1 g6 16. Nf3 Bb6 17. Bb2 h5 18. Nh4 Ne7 19. Bc3 Nf4 20. Kh2 g5 21. Nhf5 Nxf5 22. Nxf5 Qc4 23. Qc2 Nd3 24. f3 Nf4 25. Rbe1 c6 26. a4 Nd3 27. Rb1 g4 28. Qb3 Qxb3 29. Rxb3 gxh3 30. Kxh3 Nf4+ 31. Kh2 Kb8 32. a5 Bc7 33. b5 cxb5 34. Rxb5 Rdg8 35. g3 Ne6 36. Rfb1 b6 37. axb6 Bxb6 38. d4 Rc8 39. R5b3 Nxd4 40. Nxd4 exd4 41. Bxd4 Rc6 42. Bxb6 axb6 43. Rxb6+ Kc7 44. Rb7+ Kd6 45. Rd1+ Ke6 46. Rdd7 Rc2+ 47. Kh3 Rc1 48. Re7+ 1-0

[Event "98th Caplin Hastings Masters 2024-25"]
[Site "Hastings"]
[Date "2025.01.02"]
[Round "8.46"]
[White "Stokes, Stephen"]
[Black "Fryer, David W"]
[Result "1/2-1/2"]
[ECO "A02"]
[WhiteElo "1866"]
[BlackElo "1928"]
[Annotator "NA RC"]
[PlyCount "124"]
[EventDate "2024.12.23"]
[EventType "swiss"]
[EventCountry "ENG"]
[SourceTitle "playchess.com"]
[Source "ChessBase"]
[SourceQuality "1"]
[TimeControl "5400+30"]

1. f4 Nf6 2. Nf3 g6 3. b3 Bg7 4. Bb2 O-O 5. c4 c5 6. g3 d6 7. Bg2 Nc6 8. O-O Rb8 9. Nc3 e6 10. d3 d5 11. h3 a6 12. Qd2 Qc7 13. e3 Rd8 14. Qe2 d4 15. exd4 cxd4 16. Ne4 b6 17. Rac1 Bb7 18. Ned2 Nd7 19. Rce1 Nc5 20. Ne4 Nb4 21. Nxc5 bxc5 22. a3 Nc6 23. Nd2 a5 24. a4 Ne7 25. Bxb7 Rxb7 26. g4 Nc6 27. Ba3 Bf8 28. Qe4 Rbb8 29. Re2 Ne7 30. Rg2 Nc8 31. f5 exf5 32. gxf5 Qe7 33. fxg6 fxg6 34. Bxc5 Qxe4 35. Nxe4 Bxc5 36. Nxc5 Ne7 37. Rg5 Kh8 38. Re5 Nf5 39. Rb1 Rd6 40. Ne4 Rdb6 41. Rb5 Ng7 42. Nc5 Rxb5 43. axb5 Nh5 44. Ra1 Nf4 45. Kh2 Re8 46. Kg3 g5 47. h4 Ne2+ 48. Kg4 gxh4 49. b6 h5+ 50. Kxh4 Rg8 51. b7 Nf4 52. b8=Q Rxb8 53. Kg5 Rc8 54. Rxa5 Rxc5+ 55. Rxc5 Ne6+ 56. Kxh5 Nxc5 57. b4 Nxd3 58. b5 Nc5 59. Kg4 Kg7 60. Kf4 Kf6 61. b6 Ke6 62. b7 Nxb7 1/2-1/2